Map: [ESL] Oceanborn

Players

Gerald

  • Race: Protoss Protoss
  • Spawn Location: 5:00

Wayne - Winner!

  • Race: Zerg Zerg
  • Spawn Location: 11:00

Event: ESL SC2 Masters 2023 Winter (Regional)

VOD

Have the link to the VOD?

Description

Time

  • Played on: Nov. 5, 2023, 11:57 a.m.
  • Length: 14:09

All games in this series

Show
View Real Time Build Order
Export as new Build Order

Gerald Protoss 

Build Orders: 1 Gate Expand, Oracle Opening 

Get SALT Encoding   

  12  0:00  Probe  
  13  0:12  Probe  
  14  0:19  Pylon  
  14  0:24  Probe  
  15  0:37  Probe (Chrono Boost)  
  15  0:40  Gateway  
  16  0:47  Probe (Chrono Boost)  
  17  0:53  Assimilator  
  17  0:54  Probe  
  18  1:01  Pylon  
  18  1:14  Probe  
  19  1:25  Nexus  
  19  1:32  Probe  
  20  1:38  Cybernetics Core  
  20  1:44  Probe  
  21  1:48  Assimilator  
  21  1:53  Pylon  
  20  1:56  Probe  
  21  2:08  Probe  
  21  2:11  Adept (Chrono Boost)  
  24  2:20  Probe  
  25  2:31  Stargate  
  25  2:32  Probe, Adept (Chrono Boost)  
  28  2:39  Probe  
  29  2:44  Warp Gate  
  29  2:45  Probe  
  30  2:53  Probe  
  30  2:54  Adept  
  30  2:56  Gateway  
  33  3:00  Probe  
  34  3:07  Probe  
  35  3:14  Oracle (Chrono Boost)  
  35  3:19  Probe  
  39  3:20  Probe  
  39  3:23  Pylon  
  40  3:31  Probe  
  40  3:33  Probe  
  40  3:44  Nexus  
  40  3:47  Pylon  
  40  3:49  Probe  
  40  3:50  Probe  
  46  4:03  Void Ray (Chrono Boost), Probe x2  
  48  4:12  Twilight Council  
  48  4:17  Assimilator, Probe  
  49  4:19  Assimilator, Probe  
  50  4:29  Probe  
  51  4:32  Pylon  
  51  4:34  Gateway  
  51  4:37  Gateway  
  51  4:38  Resonating Glaives (Chrono Boost)  
  51  4:40  Probe  
  51  4:42  Probe  
  53  4:47  Adept x2  
  57  4:53  Probe  
  57  4:55  Probe  
  57  4:56  Probe  
  60  5:05  Probe  
  61  5:07  Probe  
  61  5:08  Probe  
  61  5:11  Adept x2  
  61  5:13  Forge  
  67  5:17  Probe (Chrono Boost)  
  67  5:21  Probe (Chrono Boost)  
  70  5:24  Probe (Chrono Boost)  
  71  5:29  Probe (Chrono Boost), Adept  
  71  5:31  Probe (Chrono Boost)  
  71  5:32  Adept x2  
  71  5:34  Adept, Probe x2 (Chrono Boost)  
  82  5:35  Probe (Chrono Boost)  
  83  5:43  Probe  
  83  5:44  Probe  
  83  5:45  Protoss Ground Weapons Level 1  
  85  5:51  Pylon  
  85  5:52  Pylon  
  85  5:57  Pylon  
  85  5:58  Blink (Chrono Boost)  
  85  5:59  Assimilator  
  85  6:00  Pylon  
  85  6:09  Probe x3  
  84  6:13  Adept x4  
  86  6:21  Probe x3  
  83  6:33  Probe x2  
  83  6:35  Gateway  
  83  6:36  Gateway  
  83  6:39  Gateway  
  77  6:41  Gateway  
  77  6:46  Stalker x4  
  85  6:48  Oracle (Chrono Boost)  
  86  6:59  Nexus, Pylon  
  86  7:08  Shield Battery  
  86  7:10  Stalker x4, Pylon  
  94  7:16  Pylon  
  94  7:18  Probe  
  94  7:21  Pylon  
  94  7:22  Robotics Facility  
  95  7:36  Stalker x6  
  103  7:41  Protoss Ground Weapons Level 2 (Chrono Boost)  
  101  7:48  Probe  
  102  7:52  Probe  
  101  8:06  Stalker x5  
  111  8:13  Probe  
  111  8:14  Probe x2  
  111  8:17  Robotics Bay  
  114  8:25  Probe  
  114  8:26  Probe  
  114  8:27  Probe  
  115  8:34  Robotics Facility  
  115  8:35  Photon Cannon  
  115  8:36  Probe  
  115  8:37  Shield Battery, Probe  
  115  8:38  Zealot x7, Assimilator x2, Probe  
  115  8:39  Probe  
  133  8:48  Probe  
  134  8:49  Stalker  
  134  8:50  Probe  
  134  8:51  Probe  
  134  8:52  Probe  
  137  9:01  Stalker x6  
  145  9:07  Disruptor (Chrono Boost)  
  139  9:20  Zealot x2  
  145  9:28  Disruptor (Chrono Boost), Assimilator  
  145  9:29  Zealot x5  
  145  9:30  Zealot  
  157  9:36  Photon Cannon  
  157  9:38  Pylon  
  157  9:44  Photon Cannon  
  157  9:45  Pylon  
  157  9:46  Disruptor  
  161  9:56  Disruptor  
  157  10:01  Charge (Chrono Boost)  
  157  10:14  Stalker x2  
  157  10:17  Protoss Ground Weapons Level 3 (Chrono Boost)  
  153  10:23  Observer  
  153  10:25  Probe  
  147  10:32  Templar Archives  
  147  10:33  Observer (Chrono Boost)  
  147  10:35  Oracle (Chrono Boost)  
  148  10:36  Gateway, Photon Cannon  
  148  10:37  Photon Cannon, Probe  
  148  10:38  Gateway  
  148  10:39  Shield Battery  
  148  10:40  Zealot x5, Pylon  
  164  10:50  Disruptor (Chrono Boost)  
  164  10:51  Nexus, Disruptor (Chrono Boost)  
  164  10:52  Zealot x3, Pylon  
  143  11:11  Stalker  
  143  11:12  Stalker x7  
  159  11:19  Disruptor x2  
  167  11:30  Nexus  
  167  11:35  High Templar x3  
  167  11:38  Pylon  
  173  11:45  High Templar, Zealot x6  
  181  11:55  Disruptor  
  167  12:05  Stalker x5  
  157  12:09  Archon x2  
  137  12:20  High Templar x2  
  137  12:21  Zealot x3  
  149  12:24  Disruptor (Chrono Boost)  
  149  12:29  Disruptor (Chrono Boost)  
  145  12:31  Zealot x5  
  159  12:37  Photon Cannon  
  159  12:39  Shield Battery  
  159  12:41  Pylon  
  159  12:42  Photon Cannon  
  159  12:44  Photon Cannon  
  159  12:47  Zealot x3  
  130  13:04  Zealot x3  
  130  13:05  Zealot x4  
  126  13:10  Disruptor  
  126  13:11  Probe  
  103  13:17  Stalker  
  103  13:18  Stalker x2  
  94  13:22  Robotics Facility  
  94  13:23  Robotics Facility  
  94  13:25  High Templar x2  
  94  13:26  Stalker x5  
  102  13:44  Archon  
  102  13:45  Zealot x3  
  99  13:59  Stalker x6  
  99  14:00  Stalker  
Show
View Real Time Build Order
Export as new Build Order

Wayne Zerg - Winner!

Build Orders: Hatch First, Lurkers, Roach Hydra 

Get SALT Encoding   

  12  0:00  Drone  
  13  0:12  Overlord  
  13  0:17  Drone  
  14  0:30  Drone x2  
  16  0:49  Drone  
  17  0:52  Hatchery  
  17  0:56  Drone  
  17  1:04  Drone  
  17  1:05  Extractor  
  17  1:18  Spawning Pool  
  16  1:19  Drone  
  16  1:21  Drone  
  18  1:27  Drone  
  19  1:38  Drone  
  20  1:50  Drone  
  21  2:00  Overlord  
  21  2:05  Queen x2  
  21  2:07  Drone  
  26  2:11  Metabolic Boost  
  26  2:13  Drone  
  27  2:18  Drone  
  28  2:23  Drone  
  28  2:25  Drone  
  30  2:37  Hatchery  
  30  2:39  Zergling x2  
  30  2:41  Zergling x2  
  31  2:47  Queen  
  33  2:52  Overlord  
  33  2:55  Zergling x2  
  33  2:57  Zergling x2  
  35  3:03  Drone  
  36  3:08  Overlord  
  36  3:13  Zergling x2  
  36  3:15  Drone x2, Queen  
  41  3:22  Drone x3  
  44  3:32  Queen  
  46  3:35  Overlord  
  46  3:38  Drone x2  
  47  3:49  Spore Crawler, Queen  
  47  3:51  Drone x4  
  52  3:57  Overlord  
  52  4:00  Drone x2  
  54  4:05  Overlord  
  54  4:06  Drone x2  
  54  4:08  Drone  
  57  4:17  Spore Crawler  
  57  4:18  Drone x4  
  60  4:24  Drone  
  60  4:28  Drone  
  62  4:32  Hatchery  
  62  4:36  Drone  
  62  4:37  Drone x2  
  64  4:38  Drone  
  64  4:42  Drone x3  
  68  4:46  Spore Crawler  
  68  4:48  Roach Warren  
  68  4:51  Drone x4  
  70  4:56  Lair  
  70  4:58  Extractor  
  70  4:59  Extractor  
  69  5:00  Drone x3  
  69  5:06  Drone x3, Overlord  
  73  5:07  Drone  
  73  5:12  Extractor  
  73  5:13  Extractor x2  
  71  5:16  Overlord  
  71  5:20  Drone x3  
  74  5:25  Drone x5  
  74  5:26  Evolution Chamber  
  74  5:28  Drone  
  79  5:33  Overlord  
  79  5:38  Overlord  
  79  5:43  Spine Crawler  
  79  5:44  Spine Crawler  
  79  5:45  Roach x5, Spine Crawler  
  86  5:50  Roach x3  
  86  5:53  Glial Reconstitution  
  92  6:01  Roach x4  
  98  6:09  Overlord  
  97  6:12  Overlord  
  97  6:16  Overlord  
  97  6:18  Drone  
  95  6:19  Drone x2  
  95  6:24  Drone x2  
  95  6:25  Drone  
  91  6:38  Drone x7  
  98  6:40  Drone x2  
  98  6:48  Drone x5  
  98  6:49  Drone x2  
  105  6:59  Drone x2  
  105  7:00  Drone x5  
  105  7:01  Hydralisk Den  
  111  7:08  Drone x2, Evolution Chamber  
  112  7:13  Infestation Pit, Overseer  
  111  7:18  Drone x4, Extractor  
  111  7:19  Extractor  
  111  7:20  Spore Crawler, Roach  
  111  7:21  Roach x2  
  118  7:25  Drone x2  
  118  7:26  Drone  
  118  7:27  Drone  
  122  7:30  Overlord  
  122  7:38  Roach  
  122  7:39  Roach x6  
  136  7:45  Zerg Missile Weapons Level 1, Grooved Spines  
  136  7:49  Hive  
  136  7:51  Overlord  
  136  7:52  Zergling x12  
  136  7:57  Overlord  
  136  7:58  Overlord  
  142  8:05  Roach x5  
  144  8:08  Overlord x2  
  144  8:10  Hydralisk  
  144  8:11  Hydralisk x2  
  150  8:14  Hydralisk  
  150  8:17  Drone x3  
  155  8:22  Hydralisk x4  
  162  8:32  Hydralisk x3  
  162  8:33  Roach x2  
  172  8:34  Lurker Den  
  172  8:36  Muscular Augments  
  172  8:40  Drone x3  
  174  8:42  Drone  
  174  8:44  Spine Crawler  
  174  8:53  Overlord  
  174  8:55  Overlord  
  171  9:01  Hatchery  
  171  9:02  Drone x6  
  174  9:06  Overlord  
  172  9:11  Overlord  
  172  9:12  Viper x3  
  172  9:15  Hydralisk  
  172  9:16  Hydralisk x5  
  189  9:22  Extractor  
  188  9:24  Extractor  
  188  9:25  Roach x6  
  199  9:33  Seismic Spines  
  199  9:35  Lurker  
  200  9:40  Spore Crawler, Spine Crawler  
  200  9:42  Zerg Missile Weapons Level 2, Spine Crawler  
  197  9:47  Spine Crawler  
  197  9:51  Spine Crawler  
  193  9:57  Lurker x5  
  195  10:11  Lurker x3  
  198  10:16  Overseer  
  196  10:23  Zergling x2  
  196  10:24  Zergling x10  
  200  10:30  Spine Crawler  
  200  10:31  Spore Crawler, Spine Crawler  
  197  10:39  Adaptive Talons  
  197  10:45  Hydralisk x2  
  197  10:46  Hydralisk x10  
  171  11:09  Hydralisk  
  171  11:10  Hydralisk x13  
  188  11:13  Zergling x32  
  195  11:20  Lurker x3  
  195  11:25  Zergling x4  
  200  11:36  Lurker x4  
  198  11:51  Hydralisk x7, Hatchery  
  198  11:58  Zerg Ground Armor Level 1  
  194  12:03  Roach x2  
  194  12:08  Overlord  
  170  12:17  Roach x10  
  170  12:20  Lurker x5  
  170  12:21  Zergling x10  
  188  12:30  Lurker x2  
  190  12:37  Zergling x18  
  194  12:56  Overlord  
  185  13:00  Hydralisk x3  
  185  13:01  Hydralisk, Roach x3  
  191  13:08  Hydralisk x2  
  191  13:09  Hydralisk x3, Roach x3  
  191  13:10  Roach  
  184  13:18  Roach x7  
  198  13:24  Zergling x2  
  199  13:30  Overseer x2  
  178  13:49  Roach x7  
  178  13:50  Roach x3  
Tags
 
Add a new tag
Caveats
  • Supply blocks, unpowered buildings, or Contaminate may cause inaccurate times.
  • Supply counts are checked every 10 seconds.